 Dungeon Crawl Stone Soup version 0.29.0-4-gdea44cf6ec (webtiles) character file.

Game seed: 662913993205356891

530 qw the Chopper (level 7, -2/38 HPs)
             Began as a Gargoyle Fighter on Sept 9, 2022.
             Was an Initiate of Okawaru.
             Slain by an orc warrior
             ... wielding a +0 long sword
              (11 damage)
             ... on level 5 of the Dungeon.
             The game lasted 00:01:57 (4224 turns).

qw the Chopper (Gargoyle Fighter)                   Turns: 4224, Time: 00:01:57

Health: -2/38      AC: 17    Str: 22    XL:     7   Next: 24%
Magic:  7/7        EV:  9    Int:  8    God:    Okawaru [......]
Gold:   176        SH:  4    Dex:  9    Spells: 6/6 levels left

rFire   . . .      SeeInvis .   Y - +4 war axe
rCold   . . .      Faith    .   c - +0 buckler
rNeg    + . .      Spirit   .   b - +0 scale mail
rPois   inf        Reflect  .   i - +2 hat
rElec   +          Harm     .   (no cloak)
rCorr   +          Rampage  .   (no gloves)
Will    .....                   (no boots)
Stlth   ..........              (no amulet)
HPRegen 0.12/turn               n - ring of resist corrosion
MPRegen 0.10/turn               (no ring)

@: no status effects
A: sickness immunity, AC +4, negative energy resistance 1, electricity
resistance, torment resistance 1, petrification resistance, iridescent scales 2,
frail 1, no potion heal 1, MP-powered wands
a: Renounce Religion


You were on level 5 of the Dungeon.
You worshipped Okawaru.
Okawaru was noncommittal.
You visited 2 branches of the dungeon, and saw 6 of its levels.

You collected 271 gold pieces.
You spent 95 gold pieces at shops.


Innate Abilities, Weirdness & Mutations

You are immune to sickness and miasma.
Your stone body is resilient. (AC +4)
You are immune to poison.
You resist negative energy. (rN+)
You are resistant to electric shocks. (rElec)
You are resistant to unholy torment.
You are immune to petrification.
You are mostly covered in iridescent scales. (AC +4)
You are frail. (-10% HP)
Potions are less effective at restoring your health.
You expend magic power (3 MP) to strengthen your wands.


   Skills:
 - Level 4.0 Fighting
 + Level 6.4 Axes
 - Level 3.2 Armour
 - Level 1.4 Dodging
 - Level 3.2 Shields


You had 6 spell levels left.
You didn't know any spells.
Your spell library was empty.

Inventory:

Hand Weapons
 f - a +0 morningstar
 Y - a +4 war axe (weapon)
Armour
 b - a +0 scale mail (worn)
 c - a +0 buckler (worn)
 i - a +2 hat (worn)
Jewellery
 n - a ring of resist corrosion (left hand)
Scrolls
 g - a scroll of identify
Potions
 a - a potion of heal wounds {unknown}
 d - 2 potions of might
 h - a potion of brilliance {unknown}
 j - a potion of cancellation {unknown}
 k - a potion of curing

Dungeon Overview and Level Annotations

Branches:
Dungeon (5/15)             Temple (1/1) D:4

Altars:
Cheibriados
Gozag
Nemelex Xobeh
Okawaru
Wu Jian

Shops:
D:1 ?   D:2 ?   D:4 :


Message History

The orc hits you but does no damage.
The orc warrior hits you with a +0 long sword!
You hit the orc warrior.
The orc warrior is moderately wounded.
You slash the orc!
You kill the orc!
Okawaru accepts your kill.
The orc warrior hits you with a +0 long sword!
You hit the orc warrior.
The orc warrior is heavily wounded.
You hit the orc.
The orc warrior hits you but does no damage.
The orc closely misses you.
The orc warrior hits you but does no damage.
You block the orc's attack.
You slash the orc!
You kill the orc!
Okawaru accepts your kill.
You slash the orc warrior!
The orc warrior hits you with a +0 long sword.
You hit the orc warrior but do no damage.
The orc warrior is severely wounded.
You slash the orc!
You kill the orc!
Okawaru accepts your kill.
The orc warrior hits you with a +0 long sword.
You slash the orc warrior!
The orc warrior is almost dead.
The orc warrior hits you but does no damage.
You completely miss the orc warrior.
The orc warrior is almost dead.
You block the orc warrior's attack.
The orc warrior hits you with a +0 long sword.
You barely miss the orc warrior.
The orc warrior is almost dead.
You block the orc warrior's attack.
You barely miss the orc warrior.
The orc warrior is almost dead.
The orc warrior hits you with a +0 long sword!
You die...

#.#######
......)o#
o.....#@#
o...# #<#
#.. ### #


You could see an orc warrior.

Vanquished Creatures
  A scorpion (D:4)
  2 hounds
  An orc priest (D:4)
  Ijyb (D:3)
  An iguana (D:4)
  An orc wizard (D:4)
  Natasha (thrice) (D:3)
  9 adders
  2 shadow imps (D:4)
  3 white imps (D:4)
  2 ufetubi (D:4)
  A dart slug (D:2)
  12 orcs
  8 endoplasms
  4 giant cockroaches
  5 goblins
  9 hobgoblins
  2 jackals (D:1)
  3 quokkas (D:2)
  15 ball pythons
  6 bats
  8 kobolds
  7 rats
106 creatures vanquished.

Vanquished Creatures (others)
  4 demonic plants (D:4)
  A plant (D:4)
5 creatures vanquished.

Grand Total: 111 creatures vanquished

Notes
Turn   | Place    | Note
-------+----------+-------------------------------------------
     0 | D:1      | qw the Gargoyle Fighter began the quest for the Orb.
     0 | D:1      | Reached XP level 1. HP: 14/14 MP: 1/1
     0 | D:1      | 0 ||| qw: Version: 0.1-a-113-g051387a
     0 | D:1      | 0 ||| qw: Game counter: 6976
     0 | D:1      | 0 ||| qw: Always use a shield: true
     0 | D:1      | 0 ||| qw: God list: Okawaru
     0 | D:1      | 0 ||| qw: Allow faded altars: false
     0 | D:1      | 0 ||| qw: Do Orc after D:15 true
     0 | D:1      | 0 ||| qw: Do second Lair branch before Depths: true
     0 | D:1      | 0 ||| qw: Lair rune preference: random
     0 | D:1      | 0 ||| qw: Plans: Normal, Zot, God:TSO, Crypt, Tomb, Zig,
                  | Orb
     0 | D:1      | 0 ||| PLANNING D:1-11
    26 | D:1      | 26 ||| Stepping ~*~*~tactically~*~*~ (stealth).
    37 | D:1      | Reached skill level 2 in Axes
   250 | D:1      | Reached XP level 2. HP: 19/19 MP: 2/2
   255 | D:1      | 255 ||| DROPPING +0 club.
   344 | D:1      | Found Unuam's Magic Scroll Shoppe.
   353 | D:1      | 353 ||| SHOPLISTING scroll of blinking (82 gold, have 15).
   353 | D:1      | 353 ||| SHOPLISTING scroll of enchant weapon (82 gold, have
                  | 15).
   353 | D:1      | 353 ||| SHOPLISTING scroll of identify (22 gold, have 15).
   353 | D:1      | 353 ||| SHOPLISTING scroll of teleportation (33 gold, have
                  | 15).
   518 | D:1      | 518 ||| READING scroll labelled FEABRU OSAR.
   753 | D:1      | 753 ||| READING scroll labelled ONIL QULAECISM.
   754 | D:1      | 754 ||| READING 2 scrolls labelled XANAZY XAXTET.
   755 | D:1      | 755 ||| DRINKING 2 dark potions.
   756 | D:1      | 756 ||| DROPPING scroll of fear.
   835 | D:2      | Reached skill level 3 in Axes
  1042 | D:2      | You fall into a shaft and drop 2 floors!
  1044 | D:4      | 1044 ||| Stepping ~*~*~tactically~*~*~ (stealth).
  1055 | D:4      | Reached XP level 3. HP: 23/23 MP: 3/3
  1058 | D:4      | 1058 ||| READING scroll of enchant weapon.
  1058 | D:4      | 1058 ||| ENCHANTING +1 war axe.
  1066 | D:4      | 1066 ||| DROPPING +0 whip.
  1098 | D:4      | 1098 ||| DRINKING potion of curing.
  1098 | D:4      | 1098 ||| (to cure confusion)
  1102 | D:4      | Reached XP level 4. HP: 28/28 MP: 4/4
  1120 | D:4      | Reached skill level 4 in Axes
  1292 | D:4      | 1292 ||| DROPPING +2 mace of protection.
  1304 | D:3      | Noticed Natasha
  1310 | D:3      | Killed Natasha
  1316 | D:3      | Reached XP level 5. HP: 18/32 MP: 5/5
  1680 | D:2      | Found a faded altar of an unknown god.
  1756 | D:2      | Found Puotur's Magic Scroll Boutique.
  1761 | D:2      | 1761 ||| BUYING scroll of enchant weapon (75 gold).
  1761 | D:2      | Bought a scroll of enchant weapon for 75 gold pieces
  1761 | D:2      | 1761 ||| BUYING scroll of identify (20 gold).
  1761 | D:2      | Bought a scroll of identify for 20 gold pieces
  1761 | D:2      | 1761 ||| SHOPLISTING scroll of teleportation (30 gold, have
                  | 17).
  1761 | D:2      | 1761 ||| READING scroll of enchant weapon.
  1761 | D:2      | 1761 ||| ENCHANTING +2 war axe.
  2083 | D:2      | Reached skill level 5 in Axes
  2229 | D:2      | 2229 ||| READING scroll of enchant weapon.
  2229 | D:2      | 2229 ||| ENCHANTING +3 war axe.
  2441 | D:2      | 2441 ||| DROPPING amulet of faith.
  2442 | D:2      | 2442 ||| READING scroll labelled INOTIN CUPNY.
  2443 | D:2      | 2443 ||| READING scroll labelled USKEYT KIVAOR.
  2444 | D:2      | 2444 ||| READING 2 scrolls of identify.
  2444 | D:2      | 2444 ||| IDENTIFYING amethyst potion
  2445 | D:2      | 2445 ||| DROPPING potion of invisibility.
  2500 | D:3      | Reached XP level 6. HP: 32/38 MP: 6/6
  2524 | D:3      | Noticed Natasha
  2530 | D:3      | Killed Natasha
  2531 | D:3      | Reached skill level 1 in Dodging
  2660 | D:3      | 2660 ||| FLEEEEING.
  2661 | D:3      | 2661 ||| STAIRDANCE
  2751 | D:2      | 2751 ||| READING scroll labelled QINUPNY ZISKU.
  2755 | D:2      | 2755 ||| DRINKING 2 silvery potions.
  2755 | D:2      | Gained mutation: You have hidden genetic defects. [potion
                  | of mutation]
  2755 | D:2      | Gained mutation: You are strong-willed. (Will+) [potion of
                  | mutation]
  2888 | D:3      | Noticed Natasha
  2890 | D:3      | 2890 ||| FLEEEEING.
  2891 | D:3      | 2891 ||| FLEEEEING.
  2892 | D:3      | 2892 ||| FLEEEEING.
  2893 | D:3      | 2893 ||| FLEEEEING.
  2894 | D:3      | 2894 ||| FLEEEEING.
  2898 | D:3      | 2898 ||| FLEEEEING.
  2899 | D:3      | 2899 ||| FLEEEEING.
  2900 | D:3      | 2900 ||| FLEEEEING.
  2901 | D:3      | 2901 ||| FLEEEEING.
  2902 | D:3      | 2902 ||| STAIRDANCE
  2932 | D:2      | 2932 ||| UPGRADING to +2 hat.
  2941 | D:3      | Killed Natasha
  3024 | D:3      | 3024 ||| Stepping ~*~*~tactically~*~*~ (stealth).
  3167 | D:3      | Noticed Ijyb
  3168 | D:3      | Found a snail-covered altar of Cheibriados.
  3173 | D:3      | Killed Ijyb
  3189 | D:3      | 3189 ||| DRINKING 2 inky potions.
  3190 | D:3      | 3190 ||| DRINKING 2 potions of curing.
  3190 | D:3      | 3190 ||| (to cure confusion)
  3191 | D:3      | 3191 ||| DROPPING potion of ambrosia.
  3192 | D:3      | Gained mutation: You occasionally shout uncontrollably at
                  | your foes. [hidden defects]
  3388 | D:4      | 3388 ||| Stepping ~*~*~tactically~*~*~ (stealth).
  3415 | D:4      | 3415 ||| Stepping ~*~*~tactically~*~*~ (hiding).
  3423 | D:4      | Gained mutation: You are frail. (-10% HP) [hidden defects]
  3423 | D:4      | Lost mutation: You have hidden genetic defects. [hidden
                  | defects expressed]
  3431 | D:4      | 3431 ||| DRINKING potion of mutation.
  3431 | D:4      | Lost mutation: You are strong-willed. (Will+) [potion of
                  | mutation]
  3431 | D:4      | Lost mutation: You occasionally shout uncontrollably at
                  | your foes. [potion of mutation]
  3431 | D:4      | Gained mutation: You expend magic power (3 MP) to
                  | strengthen your wands. [potion of mutation]
  3431 | D:4      | Gained mutation: You are partially covered in iridescent
                  | scales. (AC +2) [potion of mutation]
  3431 | D:4      | Gained mutation: Potions are less effective at restoring
                  | your health. [potion of mutation]
  3431 | D:4      | Gained mutation: You are mostly covered in iridescent
                  | scales. (AC +4) [potion of mutation]
  3435 | D:4      | Identified the +10 dagger of Abrij {vorpal, rElec SInv}
  3457 | D:4      | 3457 ||| DROPPING +0 flail.
  3582 | D:4      | Found a staircase to the Ecumenical Temple.
  3583 | D:4      | 3583 ||| PLANNING TEMPLE
  3583 | D:4      | 3583 ||| UPGRADING to ring of resist corrosion.
  3584 | D:4      | 3584 ||| READING scroll labelled QENKAJ RAIB.
  3646 | D:4      | 3646 ||| READING scroll labelled POKUTW SION.
  3647 | D:4      | 3647 ||| READING scroll labelled UXZE NACLODUE.
  3655 | Temple   | Entered the Ecumenical Temple
  3691 | Temple   | Became a worshipper of Warmaster Okawaru
  3709 | Temple   | 3709 ||| PLANNING D:1-11
  3774 | D:4      | Reached skill level 6 in Axes
  3775 | D:4      | Found Sotuabo's Book Shop.
  3783 | D:4      | Reached XP level 7. HP: 32/38 MP: 7/7
  3866 | D:4      | 3866 ||| Stepping ~*~*~tactically~*~*~ (stealth).
  4166 | D:4      | 4166 ||| Stepping ~*~*~tactically~*~*~ (stealth).
  4178 | D:4      | 4178 ||| READING scroll labelled BOISKE AMOMA.
  4203 | D:5      | Entered Level 5 of the Dungeon
  4206 | D:5      | 4206 ||| Stepping ~*~*~tactically~*~*~ (stealth).
  4222 | D:5      | HP: 9/38 [orc warrior/+0 long sword (6)]
  4224 | D:5      | Slain by an orc warrior

Levels and vault maps discovered:
D:1:      psy_arrival_terrarium, layout_basic, serial_shops, shop,
          minmay_misc_feat_chi, reono_crystal_passage
D:2:      minmay_chambers_of_twos, layout_loops_corners,
          shapermc_ecumenical_altar_flowoftime, serial_shops,
          nicolae_square_shop, minmay_snake_closets
D:3:      layout_rooms, kennysheep_slug_shrine, uniq_ijyb, uniq_natasha
D:4:      layout_loops_ring, minmay_temple_entry_stoned_glass, serial_demonic,
          serial_demonic_e, serial_demonic_f, serial_demonic_f,
          serial_demonic_f, serial_shops, shop, serial_bayou_crossing
D:5:      layout_basic, gammafunk_ghost_grave
Temple:   nicolae_temple_superstar

Skill      XL: |  1  2  3  4  5  6 |
---------------+-------------------+-----
Axes           | 2 3 4 5 6 |  6.4
Fighting       | 4 |  4.0
Dodging        | 1 |  1.4
Armour         | |  3.2
Shields        | |  3.2

Action                   |  1- 3 |  4- 6 |  7- 9 || total
-------------------------+-------+-------+-------++-------
Melee: War axe           |    77 |   169 |    27 ||   273
  Use: Scroll            |     4 |     9 |     1 ||    14
       Potion            |     2 |     4 |       ||     6
Armor: Scale mail        |    52 |    86 |    12 ||   150
Dodge: Dodged            |    36 |    70 |     4 ||   110
Block: Buckler           |    12 |    23 |     8 ||    43

Table legend:
 A = Non-vault XP
 B = Vault XP
 C = Vault XP percentage of total XP
 D = Non-vault monster count
 E = Vault monster count
 F = Vault count percentage of total count
                 A         B        C        D         E       F
            +---------+---------+-------+---------+---------+-------
      Total |     515 |     243 |  32.1 |      77 |      29 |  27.4
            +---------+---------+-------+---------+---------+-------
        D:1 |      27 |       0 |   0.0 |      17 |       0 |   0.0
        D:2 |      29 |     103 |  78.0 |      10 |      20 |  66.7
        D:3 |     168 |      69 |  29.1 |      22 |       2 |   8.3
        D:4 |     279 |      71 |  20.3 |      24 |       7 |  22.6
        D:5 |      12 |       0 |   0.0 |       4 |       0 |   0.0
            +---------+---------+-------+---------+---------+-------
